Map: Акрополь РВ

Players

Geralt (Gerald)

  • Race: Protoss Protoss
  • League: Master
  • Spawn Location: 11:00

IIIIIIIIIIII - Winner!

  • Race: Protoss Protoss
  • League: Master
  • Spawn Location: 5:00

VOD

Have the link to the VOD?

Description

Time

  • Played on: Aug. 25, 2019, 9:29 a.m.
  • Length: 6:10
Show
View Real Time Build Order
Export as new Build Order

Geralt Protoss 

Build Orders:  

Get SALT Encoding   

  12  0:00  Probe  
  13  0:12  Probe  
  14  0:17  Pylon  
  14  0:23  Probe  
  15  0:31  Probe  
  15  0:38  Gateway  
  15  0:40  Probe  
  16  0:46  Assimilator  
  17  0:52  Probe  
  17  0:54  Assimilator  
  18  1:00  Probe  
  19  1:07  Gateway  
  19  1:08  Probe  
  20  1:18  Probe  
  21  1:26  Cybernetics Core  
  21  1:30  Probe  
  22  1:34  Pylon  
  22  1:42  Probe  
  23  1:51  Pylon  
  23  1:55  Probe  
  24  2:04  Adept x2  
  24  2:05  Warp Gate  
  28  2:12  Robotics Facility  
  28  2:27  Probe  
  28  2:39  Stalker  
  30  2:44  Stalker  
  30  2:49  Immortal  
  32  3:05  Shield Battery  
  36  3:23  Nexus  
  36  3:37  Warp Prism  
  38  3:47  Pylon  
  36  3:54  Gateway  
  36  4:00  Sentry  
  38  4:08  Immortal  
  38  4:10  Sentry  
  43  4:26  Stalker  
  45  4:33  Pylon  
  41  4:49  Stalker x2  
  37  4:54  Immortal  
  39  5:11  Sentry  
  41  5:15  Sentry  
  41  5:22  Stalker  
  37  5:35  Stalker  
  37  5:48  Stalker  
  31  5:51  Stalker  
Show
View Real Time Build Order
Export as new Build Order

IIIIIIIIIIII Protoss - Winner!

Build Orders: MindelVK, Blink Stalkers 

Get SALT Encoding   

  12  0:00  Probe  
  13  0:12  Probe  
  14  0:17  Pylon  
  14  0:23  Probe  
  15  0:32  Probe  
  15  0:39  Gateway  
  15  0:40  Probe  
  16  0:46  Assimilator  
  17  0:51  Probe  
  17  0:55  Assimilator  
  18  1:03  Probe  
  19  1:07  Gateway  
  19  1:15  Probe  
  20  1:27  Cybernetics Core, Probe  
  21  1:35  Pylon  
  21  1:39  Probe  
  22  1:51  Probe  
  23  2:03  Stalker x2  
  23  2:04  Warp Gate  
  27  2:14  Twilight Council  
  27  2:22  Blink  
  27  2:27  Pylon  
  27  2:47  Pylon  
  27  2:52  Stalker  
  29  3:02  Stalker  
  31  3:12  Pylon  
  31  3:15  Shield Battery  
  31  3:16  Pylon  
  31  3:25  Stalker  
  33  3:37  Gateway  
  33  3:48  Gateway  
  33  3:55  Stalker  
  35  4:06  Stalker  
  37  4:20  Stalker  
  39  4:29  Stalker  
  39  4:31  Stalker  
  31  4:56  Stalker x2  
  31  4:57  Stalker x2  
  39  5:21  Stalker x2  
  39  5:22  Zealot  
  39  5:23  Stalker  
  37  5:51  Stalker x2  
  37  5:52  Zealot x2  
Tags
 
Build Order
MindelVK
Composition
Blink Stalkers
Matchup
ПvП
Player
Gerald
Spawn Locations
Cross Positions
Add a new tag
Caveats
  • Supply blocks, unpowered buildings, or Contaminate may cause inaccurate times.
  • Supply counts are checked every 10 seconds.